 Dungeon Crawl Stone Soup version 0.32-a0-900-g30fb1b0edc (webtiles) character file.

Game seed: 1769803201292170172

4394 GiantSquids the Basher (level 10, 0/78 HPs)
             Began as a Mountain Dwarf Fighter on Apr 5, 2024.
             Was an Initiate of Kikubaaqudgha.
             Slain by a gnoll sergeant
             ... wielding a +0 glaive
              (10 damage)
             ... in a bailey on Apr 6, 2024.
             The game lasted 00:26:15 (8202 turns).

GiantSquids the Basher (Mountain Dwarf Fighter)     Turns: 8202, Time: 00:26:16

Health: 0/78       AC: 13    Str: 22    XL:     10   Next: 13%
Magic:  1/10       EV:  5    Int: 13    God:    Kikubaaqudgha [......]
Gold:   374        SH:  5    Dex: 15    Spells: 2/9 levels left

rFire   + + .        b - +10 hammer of Werghuegocw {pain, rPois rF+ rCorr Int+3}
rCold   . . .        c - +0 buckler
rNeg    . . .        l - +0 plate armour
rPois   +            k - +0 helmet
rElec   .            (no cloak)
rCorr   +            g - +0 pair of gloves
SInv    .            (no boots)
Will    +....        (no amulet) Stlth
                     q - ring of protection from fire
HPRegen 0.33/turn    s - ring of Ocvi {Dex+6 Slay+3}
MPRegen 0.12/turn

%: no passive effects
@: no status effects
A: runic magic, artefact enchanting
a: Renounce Religion


You were in a bailey.
You worshipped Kikubaaqudgha.
Kikubaaqudgha was noncommittal.
You visited 2 branches of the dungeon, and saw 9 of its levels.
You also visited: Sewer, Ossuary and Bailey.

You collected 410 gold pieces.
You spent 36 gold pieces at shops.

Inventory:

Hand Weapons
 a - a +1 war axe
 b - the +10 hammer of Werghuegocw (weapon) {pain, rPois rF+ rCorr Int+3}
   (You found it on level 2 of the Dungeon)

   Int+3:     It affects your intelligence (+3).
   rF+:       It protects you from fire.
   rPois:     It protects you from poison.
   rCorr:     It protects you from acid and corrosion.
Missiles
 f - 78 stones (quivered)
 D - a throwing net
Armour
 c - a +0 buckler (worn)
 g - a +0 pair of gloves (worn)
 k - a +0 helmet (worn)
 l - a +0 plate armour (worn)
Jewellery
 q - a ring of protection from fire (left hand)
 s - the ring of Ocvi (right hand) {Dex+6 Slay+3}
   (You found it on level 3 of the Dungeon)

   [ring of dexterity]

   Dex+6:     It affects your dexterity (+6).
   Slay+3:    It affects your accuracy & damage with ranged weapons and melee
   (+3).
 t - a +6 ring of dexterity
 y - an amulet of faith
Wands
 z - a wand of paralysis (13)
Scrolls
 e - a scroll of fog
 h - 3 scrolls of teleportation
 j - a scroll of enchant weapon
 w - 3 scrolls of noise
 x - a scroll of enchant armour
 A - 2 scrolls of brand weapon
Potions
 d - 2 potions of might
 i - 4 potions of enlightenment
 m - a potion of mutation {unknown}
 n - 2 potions of haste
 o - 2 potions of brilliance
 p - 6 potions of curing
 r - 2 potions of heal wounds
 u - 3 potions of resistance
 v - a potion of magic {unknown}
 B - a potion of berserk rage
 C - a potion of degeneration {unknown}


   Skills:
 + Level 3.6 Fighting
 - Level 5.9(9.6) Axes
 + Level 11.6(12.2) Maces & Flails
 + Level 3.6 Armour
 - Level 3.2 Shields
 + Level 10.7 Necromancy


You had 2 spell levels left.
You knew the following spells:

 Your Spells              Type           Power      Damage    Failure   Level
a - Vampiric Draining     Necr           27%        2d7       3%          3
b - Dispel Undead         Necr           27%        3d13      10%         4

Your spell library contained the following spells:

 Spells                   Type           Power      Damage    Failure   Level
 Necrotise                Necr           100%       1d9       1%          1
 Kiss of Death            Conj/Necr      52%        2d9       9%          1
 Apportation              Tloc           0%         N/A       63%         1
 Slow                     Hex            0%         N/A       63%         1
 Sting                    Conj/Alch      0%         1d3       63%         1
 Summon Small Mammal      Summ           0%         N/A       63%         1
 Confusing Touch          Hex            0%         N/A       94%         3
 Dazzling Flash           Conj/Hex       0%         N/A       94%         3
 Starburst                Conj/Fire      0%         6d3       100%        6
 Maxwell's Capacitive Co  Air            0%         ∞         100%        8


Dungeon Overview and Level Annotations

Branches:
Dungeon (8/15)             Temple (1/1) D:7           Sewer (visited)
Ossuary (visited)          Bailey (1/1)
   Lair: D:8-11

Altars:
Ashenzari
Cheibriados
Elyvilon
Fedhas
Hepliaklqana
Kikubaaqudgha
Makhleb
Nemelex Xobeh
Okawaru
Qazlal
Ru
Sif Muna
Trog
Vehumet
Wu Jian
Xom
Yredelemnul
Zin
The Shining One

Shops:
D:1 (!   D:6 ?   D:7 !


Innate Abilities, Weirdness & Mutations

Your spellcasting is much less encumbered by armour.
You can use scrolls of enchantment on lesser artefacts.


Message History

You kill the gnoll sergeant!
Kikubaaqudgha accepts your kill.
You feel life coursing into your body.
The gnoll is no longer moving quickly.
The gnoll sergeant hits you from afar with a +0 glaive!
* * * LOW HITPOINT WARNING * * *
You block the gnoll's attack. The wolf attacks as it pursues you!
The wolf bites you but does no damage. The wolf barely misses you.
Casting: Vampiric Draining (dangerous; 3% risk of failure)
Confirm with . or Enter, or press ? or * to list all spells.
Aiming: Vampiric Draining (dangerous; 3% risk of failure)
Press: ? - help, Shift-Dir - straight line, f - wolf
Aim: a wolf You draw life force from the wolf.
You feel life coursing into your body. The wolf barely misses you.
You block the gnoll sergeant's attack. The wolf bites you but does no damage.
A wolf comes into view.
The gnoll sergeant hits you but does no damage.
The wolf completely misses you.
A gnoll bouda comes into view. It is wielding a +0 trident.
The gnoll hits you but does no damage.
Okay, then.
Casting: Vampiric Draining (dangerous; 3% risk of failure)
Confirm with . or Enter, or press ? or * to list all spells.
Aiming: Vampiric Draining (dangerous; 3% risk of failure)
Press: ? - help, Shift-Dir - straight line, f - gnoll sergeant, p - wolf
Aim: a gnoll sergeant, wielding a +0 glaive and wearing a +0 crystal plate armour (covering ground quickly)
You draw life force from the gnoll sergeant!
You feel life coursing into your body.
The wolf howls!
The wolf bites you!
* * * LOW HITPOINT WARNING * * *
The gnoll bouda barks out a call to the hunt!
The gnolls pick up the pace!
The gnoll sergeant hits you from afar with a +0 glaive!
* * * LOW HITPOINT WARNING * * *
The wolf bites you but does no damage.
The gnoll sergeant hits you with a +0 glaive!
You die...
Kikubaaqudgha rasps: You have failed me!
Welcome... death!

♣♣♣♣♣♣♣♣♣♣♣♣♣♣♣♣♣♣♣
♣♣≈≈≈≈≈≈≈≈≈≈≈≈≈≈≈≈≈♣♣
♣≈≈...............≈≈♣
♣≈.................≈♣
♣≈..#####...#####..≈♣
♣≈.## #..g#...##.≈♣
♣≈## +))@'g...##≈♣ ♣≈
#..h#g....#≈♣ ♣≈
##'##....ß# ♣ ♣≈
##...##..h.# ♣≈
##.....##.g.# ♣≈
#.......#...# ♣≈
#...ß...# .h# ♣≈
#.......# ≈♣ ♣≈
##.....## ≈♣


You could see 2 gnoll sergeants, 2 wolves, a gnoll bouda and a gnoll (swift).

Vanquished Creatures
  Grinder (D:3)
  3 yaks (D:8)
  Menkaure (D:5)
  2 water moccasins (D:7)
  2 orc warriors
  3 ice beasts
  2 black bears
  2 sky beasts
  An ogre (D:5)
  The ghost of MadMike78 the Charlatan, an amateur GnWn (D:3)
  2 centaurs
  3 gnoll sergeants (Bailey)
  2 scorpions
  5 wights (D:7)
  3 killer bees (D:8)
  A centaur zombie (Ossuary)
  2 howler monkeys
  4 quasits (D:3)
  4 hounds
  5 bombardier beetles
  2 orc priests (D:6)
  2 human zombies (Ossuary)
  4 gnoll boudas
  Crazy Yiuf (D:2)
  Jessica (D:2)
  3 sleepcaps
  3 orc wizards
  8 hound zombies (Ossuary)
  2 mummies (Ossuary)
  Robin (D:2)
  12 adders
  10 gnolls
  10 river rats
  A shadow imp (D:6)
  2 ufetubi (D:5)
  4 adder zombies (Ossuary)
  A dart slug (D:3)
  8 ribbon worms
  9 orcs
  7 endoplasms
  6 giant cockroaches
  13 goblins
  9 hobgoblins
  3 jackals (D:5)
  2 quokkas
  13 ball pythons
  4 bats
  2 frilled lizards
  6 gnoll zombies (Ossuary)
  8 jackal zombies (Ossuary)
  20 kobolds
  3 kobold zombies (Ossuary)
  4 orc zombies (Ossuary)
  35 rats
268 creatures vanquished.

Notes
Turn   | Place    | Note
-------+----------+-------------------------------------------
     0 | D:1      | GiantSquids the Mountain Dwarf Fighter began the quest for
                  | the Orb.
     0 | D:1      | Reached XP level 1. HP: 19/19 MP: 1/1
   152 | D:1      | Found Lumuept's Distillery.
   174 | D:1      | Reached XP level 2. HP: 20/26 MP: 2/2
   381 | D:1      | Found Nanemi Irie's Antique Weapon Emporium.
   716 | D:1      | Found a faded altar of an unknown god.
  1061 | D:2      | Reached XP level 3. HP: 31/31 MP: 3/3
  1219 | D:2      | Noticed Robin
  1227 | D:2      | Killed Robin
  1256 | D:2      | Noticed Jessica
  1266 | D:2      | Killed Jessica
  1267 | D:2      | Reached skill level 5 in Axes
  1267 | D:2      | Reached XP level 4. HP: 18/38 MP: 4/4
  1774 | D:2      | Found a runed translucent door.
  1775 | D:2      | Noticed Crazy Yiuf
  1851 | D:2      | Killed Crazy Yiuf
  1855 | D:2      | Identified the +10 hammer of Werghuegocw {pain, rPois rF+
                  | rCorr Int+3}
  2193 | D:3      | Noticed Grinder
  2260 | D:3      | Reached skill level 1 in Maces & Flails
  2260 | D:3      | Reached skill level 1 in Necromancy
  2260 | D:3      | Reached XP level 5. HP: 45/45 MP: 5/5
  2279 | D:3      | Found a transporter.
  2288 | D:3      | Noticed MadMike78's ghost (amateur GnWn)
  2425 | D:3      | Paralysed by Grinder for 3 turns
  2431 | D:3      | Killed Grinder
  2432 | D:3      | Reached skill level 3 in Maces & Flails
  2432 | D:3      | Reached XP level 6. HP: 45/51 MP: 6/6
  2912 | D:4      | Reached skill level 4 in Maces & Flails
  3108 | D:4      | Reached XP level 7. HP: 50/57 MP: 7/7
  3221 | D:4      | Reached skill level 5 in Maces & Flails
  3373 | D:3      | Found a transporter.
  3401 | D:3      | Reached skill level 5 in Necromancy
  3531 | D:3      | Identified the ring of Ocvi {Dex+6 Slay+3}
  3540 | D:3      | Killed MadMike78's ghost
  3541 | D:3      | Reached skill level 6 in Maces & Flails
  3604 | D:5      | Entered Level 5 of the Dungeon
  3614 | D:5      | Found a radiant altar of Vehumet.
  3885 | D:5      | Reached XP level 8. HP: 63/63 MP: 8/8
  4128 | D:5      | Found a glowing drain.
  4149 | Sewer    | Entered a sewer
  4251 | Sewer    | Reached skill level 7 in Maces & Flails
  4762 | D:5      | Noticed Menkaure
  4766 | D:5      | Killed Menkaure
  5017 | D:6      | Identified the +4 ring mail of the Constellations {Harm rC-
                  | Int+9 Stlth+}
  5112 | D:6      | Reached skill level 8 in Maces & Flails
  5507 | D:6      | Found Saygh's Magic Scroll Shop.
  5923 | D:6      | Reached skill level 9 in Maces & Flails
  5923 | D:6      | Reached XP level 9. HP: 70/70 MP: 9/9
  6030 | D:6      | Learned a level 3 spell: Vampiric Draining
  6035 | D:6      | Learned a level 4 spell: Dispel Undead
  6077 | D:7      | Found a sand-covered staircase.
  6095 | Ossuary  | Entered an ossuary
  6415 | D:7      | Reached skill level 10 in Maces & Flails
  6990 | D:7      | Found Deloc's Distillery.
  7014 | D:7      | Bought a potion of curing for 36 gold pieces
  7066 | D:7      | Reached skill level 10 in Necromancy
  7378 | D:7      | Found a staircase to the Ecumenical Temple.
  7392 | Temple   | Entered the Ecumenical Temple
  7433 | Temple   | Became a worshipper of Kikubaaqudgha
  7504 | D:8      | Reached skill level 11 in Maces & Flails
  7569 | D:8      | Reached XP level 10. HP: 32/77 MP: 10/10
  7710 | D:8      | Found a flagged portal.
  7721 | Bailey   | Entered a bailey
  8202 | Bailey   | Slain by a gnoll sergeant

Illustrated notes

Levels and vault maps discovered:
D:1:      ncdulo_halloftheorcs, layout_loops_cross,
          hellmonk_ecumenical_altar_crossroads, serial_shops, shop, shop,
          chequers_serial_rivers_micro_e
D:2:      minmay_chambers_of_ones, layout_basic, chequers_serial_rivers_micro_e,
          minivault_23, uniq_robin, uniq_crazy_yiuf_cottage, uniq_jessica
D:3:      layout_basic, gammafunk_ghost_stat_death, uniq_grinder
D:4:      layout_rooms, minmay_distorted
D:5:      layout_basic, nicolae_vehumet_altar_sigil, portal_sewer_entry_e,
          uniq_menkaure
D:6:      layout_basic, serial_shops, shop, serial_co_window_serial,
          co_window_of_opportunity_a, co_window_corner_a, co_window_paths_b,
          co_window_paths_b, co_window_corner_a, co_window_paths_c,
          co_window_cross_4, co_window_corner_b, co_window_of_opportunity_b,
          co_window_cross_2, glass_columns_c, glass_columns_c, glass_columns_a,
          glass_columns_b
D:7:      layout_layer_cave, minmay_temple_entry_nine_rooms, enter_ossuary_5,
          serial_shops, shop
D:8:      layout_gridville, nicolae_gozag_zags_fifth_avenue,
          nicolae_dithmenos_shadow_blocks, lair_entry_dummy, serial_shops, shop,
          enter_bailey_8
Temple:   dpeg_five_rooms_temple
Bailey:   bailey_polearm_gnolls_kennysheep, bailey

Skill      XL: |  1  2  3  4  5  6  7  8  9 |
---------------+----------------------------+-----
Axes           | 3 4 5 |  5.9
Maces & Flails | 1 3 4 6 9 11 | 11.6
Necromancy     | 1 3 4 6 8 10 | 10.7
Fighting       | |  3.6
Armour         | |  3.6
Shields        | |  3.2

Action                     |  1- 3 |  4- 6 |  7- 9 | 10-12 || total
---------------------------+-------+-------+-------+-------++-------
  Melee: War axe           |    86 |    16 |       |       ||   102
         Mace              |       |    70 |   384 |    33 ||   487
   Cast: Vampiric Draining |       |       |       |     3 ||     3
    Use: Potion            |       |     1 |     2 |     2 ||     5
         Scroll            |       |       |    13 |       ||    13
 Armour: Scale mail        |    52 |     2 |       |       ||    54
         Plate armour      |       |    72 |   571 |    70 ||   713
  Dodge: Dodged            |    35 |    14 |   167 |    13 ||   229
  Block: Buckler           |    15 |    16 |   116 |    13 ||   160

Table legend: (Time is in decaauts)
 A = Elapsed time spent in this place.
 B = Non-inter-level travel time spent in this place.
 C = Inter-level travel time spent in this place.
 D = Time resting spent in this place.
 E = Time spent auto-exploring this place.
 F = Levels seen in this place.
 G = Mean time per level.
                   A        B        C        D        E       F      G
               +--------+--------+--------+--------+--------+-----+--------+
         Total |   8229 |   7617 |    612 |    638 |   4889 |  12 |  685.8 |
       Dungeon |   6842 |   6299 |    543 |    284 |   4477 |   8 |  855.2 |
        Temple |     74 |      5 |     69 |      0 |      0 |   1 |   74.0 |
         Sewer |    587 |    587 |      0 |     49 |    291 |   1 |  587.0 |
       Ossuary |    268 |    268 |      0 |      0 |    105 |   1 |  268.0 |
        Bailey |    456 |    456 |      0 |    305 |     16 |   1 |  456.0 |
               +--------+--------+--------+--------+--------+-----+--------+

Top non-repeatable levels by time:
     D:2: 1369 daAuts
     D:7: 1069 daAuts
     D:6: 1058 daAuts
     D:1: 886 daAuts
     D:3: 818 daAuts
     D:5: 809 daAuts
     D:4: 613 daAuts
   Sewer: 587 daAuts
  Bailey: 456 daAuts
 Ossuary: 268 daAuts
     D:8: 217 daAuts
  Temple: 74 daAuts
